Description

Game Plans: +1/+1 Roach Ravager all in. At 66 Drones (3 Base), mass roaches and ravegers, attack when +1/+1 and roach speed is done. ca. 7min and 180 Supply

At 66 Drones (3 Base), 4th base, start hydra den after lair, mix in hydras, up to 80 drones ok, attack +1/+1 and when maxed out, constant trading when maxed out again, OR start infestation pit with hydra den, lurker den, hive go up to 80 drones 4 Base and 8 Gas

At 66 Drones (3 Base), 4th base, infestation pit right after lair, then hive, +1 melee / +2 carpace, 80 drones, 7 gas, ultras with plating and attack

Vs Mech Mass Swarm Hosts Vs Battlecruisers can hit after 05:30 Mass Queens and wait between main and natural, add corruptors, Vs Banshees add Hydras Hit with same timing

3rd CC Timings (In general 25% More Eco is save) 2:30-3:00 - this means the 3rd CC was built before the Starport. They will either add extra Rax or ebays next. If you can hit before 5:30 with a big roach ravager attack you're gonna win quite often.

4:00-5:00 - they added extra barracks before the Starport. They did this for safety. Expect some Starport pressure but keep macroing or go for a later bust.

6:00 or later - they're going for a big attack or risking a big drop off in economy. Get ready to defend and if nothing comes they've just dropped the macro ball.

Build Order

Get SALT Encoding   

  12  0:00  Drone  
  13  0:09  Drone  
  14  0:14  Extractor Extractor Trick  
  13  0:09  Drone  
  15  0:21  Overlord  
  15  0:39  Drone  
  16  0:45  Hatchery 2nd  
  16  0:49  Drone x2  
  16  0:56  Drone  
  18  1:06  Extractor 3 Drones  
  17  1:10  Spawning Pool  
  16  1:14  Drone x2  
  18  1:26  Drone  
  21  1:57  Queen x2  
  21  1:59  Zergling x2  
  21  2:00  Overlord  
  27  2:12  Metabolic Boost Take drones off Gas  
  31  2:33  Queen Natural  
  34  2:43  Hatchery 3rd  
  33  2:48  Overlord  
  33  2:54  Overlord Ring of vision around your base  
  40  3:11  Roach Warren Wall  
  45  3:18  Extractor  
  45  3:20  Queen 1st Inject Drones back to gas  
  47  3:29  Queen  
  47  3:35  Overlord  
  55  3:50  Roach x4 4 Safety Roaches  
  65  4:27  Spore Crawler x2 Main, Natural  
  71  4:36  Extractor x2  
  75  4:40  Lair  
  82  5:00  Action 66 Drones,  
Spawning Tool Build Advisor. Get it on Overwolf

Go to:

Details

  • Created by: verthimax
  • Published on: Jan 19, 2026
  • Modified on: Jan 19, 2026
  • Patch: 5.0.11
  • Difficulty: Easy
Show
View Real Time Build Order
Export as new Build Order

Comments (2)

On March 23, 2026, 10:19 p.m., -Strix  said:

First inject by that(4th) queen birthed at the 3rd Hatch injects, the 3rd Hatch..

On March 15, 2026, 5:25 a.m., Toomï  said:

Does "45 3:20 Queen 1st Inject Drones back to gas" mean that it is the first injection on the natural ? Or is it the first injection overall ? The latter sounds strange to me.

Create an account to comment!